 Dungeon Crawl Stone Soup version 0.31-a0-164-g2312942fda (webtiles) character file.

Game seed: 1314315875098365619

32 marky1606 the Trooper (level 3, -5/29 HPs)
             Began as a Demonspawn Fighter on June 13, 2023.
             Slain by a hobgoblin
             ... wielding a +0 mace
              (8 damage)
             ... on level 2 of the Dungeon.
             The game lasted 00:03:13 (849 turns).

marky1606 the Trooper (Demonspawn Fighter)           Turns: 849, Time: 00:03:14

Health: -5/29      AC:  6    Str: 16    XL:     3   Next: 10%
Magic:  3/3        EV:  8    Int:  9    God:
Gold:   30         SH:  5    Dex: 20    Spells: 2/2 levels left

rFire   . .          .
                       - Unarmed
rCold   . . .        b - +0 buckler
rNeg    . . .        a - +0 scale mail
rPois   .            (no helmet)
rElec   .            (no cloak)
rCorr   .            (no gloves)
SInv    .            (no boots)
Will    .....        (no amulet) Stlth
                     e - +6 ring of dexterity
HPRegen 0.24/turn    (no ring)
MPRegen 0.16/turn

%: no passive effects
@: no status effects
A: hooves 1, magic regeneration
a: no special abilities


You were on level 2 of the Dungeon.
You visited 1 branch of the dungeon, and saw 2 of its levels.

You collected 30 gold pieces.

Inventory:

Armour
 a - a +0 scale mail (worn)
 b - a +0 buckler (worn)
Jewellery
 e - a +6 ring of dexterity (left hand)
Scrolls
 d - a scroll of summoning {unknown}
 g - a scroll of vulnerability {unknown}
 h - a scroll of identify {unknown}
Potions
 c - a potion of might


   Skills:
 * Level 3.3 Fighting
 + Level 3.0 Armour
 + Level 2.9 Shields
 * Level 2.4 Unarmed Combat


You had 2 spell levels left.
You didn't know any spells.
Your spell library was empty.

Dungeon Overview and Level Annotations

Branches:
Dungeon (2/15)

Altars:


Innate Abilities, Weirdness & Mutations

You have large cloven feet.
You regenerate magic rapidly.


Message History

The bat hits you but does no damage.
You hit the worm. You kick the worm.
The worm is moderately wounded.
You block the bat's attack. The worm bites you!
You hit the worm but do no damage. Your kick misses the worm.
The worm is moderately wounded.
The bat barely misses you. The worm bites you. You block the bat's attack.
You hit the worm. You kick the worm.
The worm is heavily wounded.
You block the bat's attack.
You hit the worm.
The worm is severely wounded.
The bat barely misses you. The worm misses you.
You hit the worm.
The worm is almost dead.
The bat barely misses you.
You hit the worm. You kick the worm, but do no damage.
The worm is almost dead.
The bat hits you. The hobgoblin hits you with a +0 mace.
The bat hits you but does no damage. The worm bites you.
You barely miss the worm.
The worm is almost dead.
The bat hits you but does no damage. The hobgoblin hits you with a +0 mace!
* * * LOW HITPOINT WARNING * * *
You block the worm's attack.
You hit the worm.
The worm is almost dead.
You block the bat's attack. The hobgoblin hits you with a +0 mace.
* * * LOW HITPOINT WARNING * * *
You hit the worm.
You kill the worm!
The bat hits you but does no damage. The hobgoblin hits you with a +0 mace.
* * * LOW HITPOINT WARNING * * *
You hit the hobgoblin. You kick the hobgoblin.
The hobgoblin is severely wounded.
The bat hits you but does no damage. You block the hobgoblin's attack.
You barely miss the hobgoblin. Your kick misses the hobgoblin.
The hobgoblin is severely wounded.
The bat closely misses you. The hobgoblin hits you with a +0 mace!
You die...

##†## #...# #.. #...#
#.## #...#####..<
#.........#
####...#####.# #
..........b...# ..#
.........>..†.##.....
#..........g@).......#
######...#####.#####.#
#.>.. .... #...#
.##### #...# #. #... .
##


You could see a hobgoblin and a bat.

Vanquished Creatures
  A worm (D:2)
  A dart slug (D:1)
  4 ball pythons
  3 endoplasms
  2 giant cockroaches (D:1)
  5 goblins (D:1)
  A hobgoblin (D:1)
  A quokka (D:1)
  2 bats
  A frilled lizard (D:1)
  2 kobolds
  2 rats
25 creatures vanquished.

Notes
Turn   | Place    | Note
-------+----------+-------------------------------------------
     0 | D:1      | marky1606 the Demonspawn Fighter began the quest for the
                  | Orb.
     0 | D:1      | Reached XP level 1. HP: 18/18 MP: 1/1
    97 | D:1      | Discovered your monstrous ancestry.
    97 | D:1      | Gained mutation: You have large cloven feet. [demonic
                  | ancestry]
    97 | D:1      | Reached XP level 2. HP: 24/24 MP: 2/2
   345 | D:1      | You fall into a shaft and drop 1 floor!
   822 | D:2      | Gained mutation: You regenerate magic rapidly. [demonic
                  | ancestry]
   822 | D:2      | Reached XP level 3. HP: 29/29 MP: 3/3
   849 | D:2      | Slain by a hobgoblin

Illustrated notes

Levels and vault maps discovered:
D:1:      scummos_arrival_star, layout_basic
D:2:      layout_loops_cross, hellmonk_ecumenical_altar_leap_of_faith

Skill      XL: |  1  2 |
---------------+-------+-----
Unarmed Combat | 2 |  2.4
Armour         | 3 |  3.0
Fighting       | |  3.3
Shields        | |  2.9

Action                     || total
---------------------------++-------
  Melee: Unarmed           ||    72
         Kick              ||    16
    Use: Potion            ||     1
 Armour: Scale mail        ||    36
  Dodge: Dodged            ||    26
  Block: Buckler           ||    18

Table legend: (Time is in decaauts)
 A = Elapsed time spent in this place.
 B = Non-inter-level travel time spent in this place.
 C = Inter-level travel time spent in this place.
 D = Time resting spent in this place.
 E = Time spent auto-exploring this place.
 F = Levels seen in this place.
 G = Mean time per level.
                   A        B        C        D        E       F      G
               +--------+--------+--------+--------+--------+-----+--------+
         Total |    849 |    805 |     44 |     32 |    596 |   2 |  424.5 |
       Dungeon |    849 |    805 |     44 |     32 |    596 |   2 |  424.5 |
               +--------+--------+--------+--------+--------+-----+--------+

Top non-repeatable levels by time:
     D:1: 682 daAuts
     D:2: 167 daAuts
